 Dungeon Sprint DCSS version 0.16.1-28-gcc2312f (webtiles) character file.

366 Kidiri the Magician (level 6, -1/43 HPs)
             Began as a High Elf Fire Elementalist on May 28, 2015.
             Was an Elder of Vehumet.
             Slain by a swamp dragon (8 damage)
             ... in the Dungeon (Sprint VII: "The Pits").
             The game lasted 00:07:28 (598 turns).

Kidiri the Magician (High Elf Fire Elementalist)     Turns: 598, Time: 00:07:28

Health: -1/43      AC:  2    Str:  7      XL:     6   Next: 40%
Magic:  10/21      EV: 15    Int: 17 (21) God:    Vehumet [****..]
Gold:   0          SH:  0    Dex: 16      Spells: 6 memorised, 0 levels left

rFire  . . .     SeeInvis .     p - +2 falchion (curse)
rCold  . . .     Clarity  .     a - +0 robe
rNeg   . . .     SustAb   .     (no shield)
rPois  .         Gourm    .     (no helmet)
rElec  .         Spirit   .     (no cloak)
rCorr  .         Warding  .     (no gloves)
rMut   .         NoTele   +     (no boots)
MR     .....                    (no amulet)
Stlth  +++.......               (no ring)
                                (no ring)

@: lethally poisoned (-1 -> -18), very slightly contaminated, not resistant to
hostile enchantments, fairly stealthy
A: no striking features
a: Renounce Religion


You were in the Dungeon.
You worshipped Vehumet.
Vehumet was greatly pleased with you.
You were not hungry.

You visited 1 branch

Inventory:

Hand weapons
 p - a cursed +2 falchion (weapon)
Armour
 a - a +0 robe (worn)
Scrolls
 m - 3 scrolls of remove curse
 n - 5 scrolls of amnesia
 o - a scroll of summoning
Potions
 e - 2 potions of heal wounds
 g - 4 potions of magic
 h - 3 potions of berserk rage
 l - 2 potions of invisibility
Books
 b - a book of Flames

   Spells                             Type                      Level
   a - Flame Tongue                   Conjuration/Fire             1
   b - Throw Flame                    Conjuration/Fire             2
   c - Conjure Flame                  Conjuration/Fire             3
   d - Inner Flame                    Hexes/Fire                   3
   e - Sticky Flame                   Conjuration/Fire             4
   f - Fireball                       Conjuration/Fire             5
Comestibles
 c - 8 bread rations
 j - 40 fruits
 k - 7 meat rations


   Skills:
 + Level 3.9 Fighting
 + Level 4.7 Long Blades
 + Level 5.0 Dodging
 + Level 5.1 Stealth
 * Level 6.9 Spellcasting
 * Level 6.6 Conjurations
 + Level 3.0 Hexes
 * Level 6.8 Fire Magic


You couldn't memorise any spells.
You knew the following spells:

 Your Spells              Type           Power        Failure   Level  Hunger
a - Flame Tongue          Conj/Fire      ####.        1%          1    None
b - Throw Flame           Conj/Fire      ####..       1%          2    None
c - Conjure Flame         Conj/Fire      ####....     1%          3    ##.....
d - Inner Flame           Hex/Fire       ###.....     1%          3    ##.....
e - Sticky Flame          Conj/Fire      ####....     2%          4    ####...
f - Fireball              Conj/Fire      ####......   5%          5    #####..


Dungeon Overview and Level Annotations

Branches:
Dungeon (1/1)

Altars:
Ashenzari
Cheibriados
Dithmenos
Elyvilon
Fedhas
Gozag
Kikubaaqudgha
Makhleb
Nemelex Xobeh
Okawaru
Qazlal
Ru
Sif Muna
Trog
Vehumet
Xom
Yredelemnul
Zin
The Shining One
Beogh
Jiyva
Lugonu


Message History

* * * LOW HITPOINT WARNING * * *
You stumble backwards!
Drink which item? (? for menu, Esc to quit)
You feel better.
You are engulfed in poison gas.
You are poisoned.
You feel sick. The swamp dragon closely misses you.
The swamp dragon misses you. The swamp dragon tramples you!
* * * LOW HITPOINT WARNING * * *
You hold your ground!
Drink which item? (? for menu, Esc to quit)
Okay, then.
You feel sick.
The swamp dragon breathes poison at you.
The blast of poison misses you.
Drink which item? (? for menu, Esc to quit)
You feel better.
You are engulfed in poison gas.
You are lethally poisoned!
* * * LOW HITPOINT WARNING * * *
x2 You feel sick.
The swamp dragon bites you!
You die...

############
#__________#
#__________#
#.#####'###########
#_#)))'.'..##......
#_#).)#.#?(##......
#######'#####......
#§@..§§....÷'......
#D#####'#####......
#§#.....#[[##......
#.#.....#))#####'##
#.###'###))##......
#.#†....#))##......
#.#.....#..##......
#.####)##'###...<..
#.#........##......


You could see a swamp dragon.

Vanquished Creatures
  An ogre (D)
  A centaur (D)
  2 brain worms (D)
  A mummy (D)
  An adder (D)
  A worm (D)
  3 giant eyeballs (D)
  A bat skeleton (D)
  2 giant cockroaches (D)
  A hobgoblin (D)
  2 jackals (D)
  A ball python skeleton (D)
17 creatures vanquished.

Notes
Turn   | Place    | Note
--------------------------------------------------------------
     0 | D        | Kidiri, the High Elf Fire Elementalist, began the quest for the Orb.
     0 | D        | Reached XP level 1. HP: 11/11 MP: 4/4
    28 | D        | Found a sacrificial altar of Ru.
    28 | D        | Found a basalt altar of Yredelemnul.
    28 | D        | Found a shadowy altar of Dithmenos.
    28 | D        | Found a deep blue altar of Sif Muna.
    28 | D        | Found a burning altar of Makhleb.
    28 | D        | Found a shimmering altar of Xom.
    28 | D        | Found an ancient bone altar of Kikubaaqudgha.
    28 | D        | Found a sparkling altar of Nemelex Xobeh.
    29 | D        | Found a glowing golden altar of the Shining One.
    29 | D        | Found a bloodstained altar of Trog.
    29 | D        | Found a shattered altar of Ashenzari.
    29 | D        | Found a white marble altar of Elyvilon.
    29 | D        | Found a snail-covered altar of Cheibriados.
    29 | D        | Found a blossoming altar of Fedhas.
    29 | D        | Found a radiant altar of Vehumet.
    29 | D        | Found a glowing silver altar of Zin.
    29 | D        | Found a corrupted altar of Lugonu.
    29 | D        | Found a viscous altar of Jiyva.
    29 | D        | Found a roughly hewn altar of Beogh.
    29 | D        | Found an iron altar of Okawaru.
    35 | D        | Found a stormy altar of Qazlal.
    36 | D        | Found an opulent altar of Gozag.
    39 | D        | Became a worshipper of Vehumet
    79 | D        | Noticed a brain worm
    85 | D        | Killed a brain worm
    85 | D        | Reached skill level 4 in Spellcasting
    85 | D        | Reached XP level 2. HP: 12/19 MP: 0/8
    85 | D        | Reached XP level 3. HP: 15/24 MP: 0/11
    85 | D        | Reached XP level 4. HP: 18/29 MP: 0/14
    98 | D        | Learned a level 2 spell: Throw Flame
   102 | D        | Learned a level 3 spell: Conjure Flame
   106 | D        | Learned a level 3 spell: Inner Flame
   196 | D        | Acquired Vehumet's first power
   196 | D        | Offered knowledge of Freeze by Vehumet.
   203 | D        | Noticed a brain worm
   203 | D        | Noticed an ogre
   223 | D        | Reached skill level 5 in Fire Magic
   274 | D        | Killed an ogre
   274 | D        | Reached skill level 5 in Spellcasting
   274 | D        | Reached skill level 5 in Conjurations
   274 | D        | Reached skill level 1 in Hexes
   274 | D        | Reached XP level 5. HP: 31/36 MP: 2/18
   276 | D        | Killed a brain worm
   276 | D        | Reached skill level 6 in Spellcasting
   283 | D        | Learned a level 4 spell: Sticky Flame
   426 | D        | Noticed a centaur
   437 | D        | Killed a centaur
   437 | D        | Offered knowledge of Searing Ray by Vehumet.
   437 | D        | Reached skill level 5 in Dodging
   437 | D        | Reached skill level 5 in Stealth
   437 | D        | Reached XP level 6. HP: 29/43 MP: 7/21
   437 | D        | Acquired Vehumet's second power
   444 | D        | Learned a level 5 spell: Fireball
   550 | D        | Acquired Vehumet's third power
   567 | D        | Noticed a swamp dragon
   591 | D        | HP: 1/43 [swamp dragon (3)]
   598 | D        | Slain by a swamp dragon

Action                   |  1- 3 |  4- 6 || total
-------------------------+-------+-------++-------
Melee: Falchion          |       |    16 ||    16
 Cast: Flame Tongue      |     7 |    20 ||    27
       Throw Flame       |       |     5 ||     5
       Conjure Flame     |       |     3 ||     3
       Inner Flame       |       |     2 ||     2
       Sticky Flame      |       |     2 ||     2
  Use: Potion            |       |    11 ||    11
       Scroll            |       |     1 ||     1
